 Dungeon Crawl Stone Soup version 0.20.1-1-g8b1a95d (webtiles) character file.

156 manon the Slasher (level 5, -7/47 HPs)
             Began as a Minotaur Fighter on Oct 30, 2017.
             Killed by divine providence
             ... invoked by an orc priest
              (11 damage)
             ... on level 3 of the Dungeon on Oct 31, 2017.
             The game lasted 00:06:19 (1980 turns).

manon the Slasher (Minotaur Fighter)                Turns: 1980, Time: 00:06:20

Health: -7/47      AC:  8    Str: 20    XL:     5   Next: 14%
Magic:  4/4        EV:  7    Int:  5    God:
Gold:   157        SH:  9    Dex: 11    Spells: 4/4 levels left

rFire    . . .     SeeInvis .   a - +0 long sword
rCold    . . .     Gourm    +   c - +0 shield
rNeg     . . .     Faith    .   z - +0 scale mail
rPois    .         Spirit   .   (helmet restricted)
rElec    .         Reflect  .   m - +0 cloak
rCorr    .         Harm     .   (no gloves)
MR       .....                  (no boots)
Stlth    ..........             q - amulet of the gourmand
Regen    0.2/turn               (no ring)
MPRegen  0.1/turn               (no ring)

@: no status effects
A: retaliatory headbutt, horns 2
a: no special abilities


You were on level 3 of the Dungeon.
You were not hungry.

You visited 1 branch of the dungeon, and saw 3 of its levels.

You collected 157 gold pieces.

Inventory:

Hand Weapons
 a - a +0 long sword (weapon)
 b - a +0 blowgun
 g - a +0 hunting sling
Missiles
 o - 18 arrows
 s - 31 poisoned needles
 u - 7 tomahawks (quivered)
 y - 37 sling bullets
 B - 9 bolts
Armour
 c - a +0 shield (worn)
 m - a +0 cloak (worn)
 z - a +0 scale mail (worn)
Jewellery
 q - an amulet of the gourmand (around neck)
 x - an uncursed ring of positive energy {unknown}
Wands
 w - a wand of random effects (36/48)
Scrolls
 e - 2 scrolls of remove curse {unknown}
 i - a scroll of magic mapping {unknown}
 j - a scroll of fog {unknown}
 l - a scroll of immolation {unknown}
 p - 2 scrolls of teleportation
 A - a scroll of enchant armour {unknown}
 F - a scroll of fear {unknown}
Potions
 d - 3 potions of might
 k - a potion of curing
 t - a potion of degeneration
 v - a potion of agility
 C - a potion of heal wounds {unknown}
 D - a potion of resistance {unknown}
 E - a potion of brilliance {unknown}
Comestibles
 f - 3 bread rations
 h - 2 royal jellies
 n - a fruit
 r - a meat ration


   Skills:
 + Level 4.8 Fighting
 * Level 5.7 Long Blades
 - Level 3.6 Armour
 - Level 3.6 Shields


You had 4 spell levels left.
You didn't know any spells.

Dungeon Overview and Level Annotations

Branches:
Dungeon (3/15)

Altars:
Ru


Innate Abilities, Weirdness & Mutations

You reflexively headbutt those who attack you in melee.
You have a pair of horns on your head.


Message History

The orc priest invokes the aid of Beogh against you.
Beogh smites you!
You hit the orc wizard.
The orc wizard is almost dead.
You block the orc wizard's attack.
The orc wizard hits you but does no damage.
You hit the orc wizard.
You kill the orc wizard!
You have reached level 5!
The orc priest calls down the wrath of Beogh upon you.
Beogh smites you!
* * * LOW HITPOINT WARNING * * *
The orc priest hits you.
* * * LOW HITPOINT WARNING * * *
Items here: ( )) ? [ † You slash the orc priest!
The orc priest is heavily wounded.
The orc priest mumbles some strange prayers to Beogh against you.
Beogh smites you!
You die...

..........>.........#
....###.#..##########
....# #.#..#######
....# #.#........#
##### #.##.#####.#
#.##.# #.# #.##.# #.#
#.##.# #.# #.##.# #@#
#.##.# #o#
#######.##.# #o#
.....).†##.# #o#
##<........# #.#
#########.# #.# #.#
#.# ### #.#


You could see an orc priest and 2 orcs.

Vanquished Creatures
  An orc wizard (D:3)
  Ijyb (D:3)
  A gnoll (D:1)
  4 adders
  An ooze (D:1)
  A dart slug (D:2)
  3 leopard geckos
  An orc (D:3)
  3 giant cockroaches
  3 goblins
  6 hobgoblins
  A quokka (D:3)
  A ball python (D:1)
  4 bats
  A frilled lizard (D:2)
  5 kobolds
  13 rats
50 creatures vanquished.

Notes
Turn   | Place    | Note
-------+----------+-------------------------------------------
     0 | D:1      | manon the Minotaur Fighter began the quest for the Orb.
     0 | D:1      | Reached XP level 1. HP: 19/19 MP: 0/0
    33 | D:1      | Reached skill level 3 in Long Blades
    53 | D:1      | Reached XP level 2. HP: 27/27 MP: 1/1
   586 | D:1      | Reached XP level 3. HP: 30/33 MP: 2/2
   886 | D:2      | Reached skill level 4 in Long Blades
   990 | D:2      | Found a sacrificial altar of Ru.
  1460 | D:2      | Reached XP level 4. HP: 41/41 MP: 3/3
  1571 | D:3      | Reached skill level 5 in Long Blades
  1574 | D:3      | Noticed Ijyb
  1588 | D:3      | Killed Ijyb
  1978 | D:3      | Reached XP level 5. HP: 17/47 MP: 4/4
  1980 | D:3      | Killed from afar by an orc priest

Skill      XL: |  1  2  3  4 |
---------------+-------------+-----
Long Blades    | 3 4 5 |  5.7
Fighting       | 4 |  4.8
Armour         | |  3.6
Shields        | |  3.6

Action                   |  1- 3 |  4- 6 || total
-------------------------+-------+-------++-------
Melee: Long sword        |    73 |    48 ||   121
       Headbutt          |     7 |     8 ||    15
  Use: Scroll            |     4 |     1 ||     5
  Eat: Chunk             |     3 |     6 ||     9
Armor: Scale mail        |    27 |    13 ||    40
Dodge: Dodged            |    19 |    14 ||    33
Block: Shield            |    36 |    16 ||    52
       Rpst.: Long sword |     4 |     6 ||    10
